[Event "42nd Olympiad Baku 2016 Women"]
[Site "Baku"]
[Date "2016.09.06"]
[Round "5.1"]
[White "Leboela, Maboloko"]
[Black "Mena, Ailen Oriana"]
[Result "0-1"]
[ECO "C55"]
[WhiteElo "1406"]
[BlackElo "1715"]
[Annotator ""]
[PlyCount "92"]
[EventDate "2016.??.??"]
[EventType "team-tourn"]
[EventCountry "AZE"]
[SourceTitle "playchess.com"]
[Source "ChessBase"]
[WhiteTeam "Lesotho"]
[BlackTeam "Netherlands Antilles"]
[WhiteTeamCountry "LES"]
[BlackTeamCountry "AHO"]
[TimeControl "40/5400+30:1800+30"]

1. e4 {(00:00)} e5 {(00:00)} 2. Nf3 {(00:00)} Nc6 {
(00:04)} 3. Bc4 {(00:25)} Nf6 {(00:46)} 4. O-O {(
02:06)} Nxe4 {(04:11)} 5. Re1 {(00:59)} d5 {(01:12)} 6.
Bb5 {(04:05)} f6 {(05:40)} 7. Bxc6+ {(09:04)} bxc6 {
(00:10)} 8. Nxe5 {(05:52)} g6 {(10:02)} 9. Nxc6 {(
00:30)} Qd6 {(01:14)} 10. Nd4 {(00:43)} Kf7 {(06:32)} 11.
d3 {(01:12)} Nc5 {(01:34)} 12. Qf3 {(00:33)} Ne6 {(
11:11)} 13. Nxe6 {(00:29)} Bxe6 {(00:10)} 14. c4 {(00:31)}
Bg7 {(06:02)} 15. Nd2 {(00:38)} Rhe8 {(05:44)} 16. Nf1 {
(03:05)} dxc4 {(03:36)} 17. dxc4 {(00:31)} Bxc4 {(
10:04)} 18. Rxe8 {(00:16)} Rxe8 {(00:11)} 19. Bf4 {(00:23]
} Qe6 {(05:12)} 20. Ne3 {(01:11)} Bxa2 {(02:09)} 21. Qb7 {
(02:16)} Re7 {(06:05)} 22. Qxa7 {(00:26)} Bd5 {(01:
25)} 23. Qc5 {(00:52)} Bb3 {(02:48)} 24. Bxc7 {(00:34)} f5
{(02:00)} 25. Qb6 {(04:24)} Qxb6 {(02:25)} 26. Bxb6 {
(00:08)} f4 {(00:40)} 27. Bc5 {(01:54)} Rb7 {(02:
42)} 28. Nf1 {(00:56)} Bxb2 {(01:07)} 29. Rb1 {(00:28)}
Bf6 {(01:41)} 30. Nd2 {(00:27)} Bd5 {(00:24)} 31. Rd1 {
(01:17)} g5 {(01:40)} 32. f3 {(00:11)} Rc7 {(00:35]
} 33. Bb6 {(00:56)} Rb7 {(00:54)} 34. Bc5 {(00:07)} Rb5 {
(00:56)} 35. Ba7 {(00:22)} Rb4 {(01:50)} 36. Bc5 {(
00:16)} Ra4 {(00:12)} 37. Rc1 {(00:50)} h6 {(01:17)} 38.
h3 {(00:10)} Kg6 {(02:17)} 39. Nf1 {(00:23)} Ra2 {(
00:42)} 40. Rd1 {(00:00)} Bc4 {(00:00)} 41. Nd2 {(00:41)}
Be2 {(01:47)} 42. Rb1 {(02:28)} Rxd2 {(00:16)} 43. Rb6 {
(01:05)} Kf5 {(00:48)} 44. Kf2 {(01:35)} Bc4+ {(00:
36)} 45. Ke1 {(00:14)} Bc3 {(01:06)} 46. Rb1 {(01:07)}
Rb2+ {(00:49)} 0-1

[Event "42nd Olympiad Baku 2016 Women"]
[Site "Baku"]
[Date "2016.09.06"]
[Round "5.4"]
[White "Lee Lok Yi"]
[Black "Rubsamen, Anais"]
[Result "0-1"]
[ECO "A00"]
[WhiteElo "1497"]
[BlackElo "1611"]
[Annotator ""]
[PlyCount "54"]
[EventDate "2016.??.??"]
[EventType "team-tourn"]
[EventCountry "AZE"]
[SourceTitle "playchess.com"]
[Source "ChessBase"]
[WhiteTeam "Hong Kong"]
[BlackTeam "Monaco"]
[WhiteTeamCountry "HKG"]
[BlackTeamCountry "MNC"]
[TimeControl "40/5400+30:1800+30"]

1. b4 {(00:00)} e5 {(00:00)} 2. Bb2 {(00:00)} Bxb4 {
(00:03)} 3. Bxe5 {(00:00)} Nf6 {(00:14)} 4. e3 {(
00:42)} Nc6 {(00:52)} 5. Bb2 {(00:32)} O-O {(01:20)} 6.
Nf3 {(00:39)} Re8 {(05:49)} 7. Bb5 {(02:37)} a6 {(
00:11)} 8. Ba4 {(00:21)} b5 {(02:13)} 9. Bb3 {(01:14)} h6
{(08:14)} 10. Nc3 {(02:05)} Bb7 {(12:57)} 11. Nd5 {
(05:07)} Nxd5 {(03:27)} 12. Bxd5 {(00:19)} Rb8 {(
05:47)} 13. O-O {(02:35)} Qe7 {(02:46)} 14. a4 {(05:33)}
Qd6 {(08:23)} 15. Bb3 {(08:51)} Na5 {(06:46)} 16. c3 {
(18:07)} Nxb3 {(04:11)} 17. Qxb3 {(00:36)} Bxf3 {(
01:01)} 18. gxf3 {(04:33)} Qg6+ {(00:59)} 19. Kh1 {(00:27]
} Bd6 {(00:26)} 20. Rg1 {(03:09)} Qh5 {(01:43)} 21. Rg2 {
(01:50)} Qxf3 {(02:27)} 22. d4 {(10:44)} bxa4 {(03:
36)} 23. Qc2 {(00:41)} Re4 {(00:54)} 24. Ba3 {(07:48)} Rg4
{(02:09)} 25. Rag1 {(03:18)} Rxg2 {(03:54)} 26. Rxg2 {
(01:16)} Bxa3 {(00:17)} 27. Qxa4 {(00:54)} Rb1+ {(
00:14)} 0-1

[Event "42nd Olympiad Baku 2016 Women"]
[Site "Baku"]
[Date "2016.09.06"]
[Round "5.17"]
[White "Li, Ruofan"]
[Black "Ziaziulkina, Nastassia"]
[Result "1-0"]
[ECO "D20"]
[WhiteElo "2353"]
[BlackElo "2382"]
[Annotator ""]
[PlyCount "85"]
[EventDate "2016.??.??"]
[EventType "team-tourn"]
[EventCountry "AZE"]
[SourceTitle "playchess.com"]
[Source "ChessBase"]
[WhiteTeam "Singapore"]
[BlackTeam "Belarus"]
[WhiteTeamCountry "SIN"]
[BlackTeamCountry "BLR"]
[TimeControl "40/5400+30:1800+30"]

1. d4 {(00:00)} d5 {(00:00)} 2. c4 {(00:00)} dxc4 {
(00:00)} 3. e4 {(01:34)} Nf6 {(02:26)} 4. e5 {(00:
27)} Nd5 {(00:10)} 5. Bxc4 {(00:16)} Nb6 {(00:12)} 6. Bb3
{(03:30)} Nc6 {(00:34)} 7. Nf3 {(03:46)} Bf5 {(00:
21)} 8. Nc3 {(01:54)} e6 {(01:40)} 9. O-O {(01:19)} Be7 {
(02:54)} 10. Be3 {(03:34)} O-O {(06:44)} 11. a3 {(
07:28)} Bg4 {(03:41)} 12. Rc1 {(17:32)} Qd7 {(11:49)} 13.
Ne4 {(17:39)} Rac8 {(13:49)} 14. Qd2 {(04:23)} Rfd8 {
(07:39)} 15. Rfd1 {(00:40)} Qe8 {(07:12)} 16. Qe2 {
(00:57)} Rd7 {(04:09)} 17. h3 {(02:42)} Bh5 {(02:
43)} 18. g4 {(08:29)} Bg6 {(00:14)} 19. Ng3 {(00:40)} h6 {
(06:18)} 20. h4 {(02:33)} Qd8 {(00:13)} 21. g5 {(
04:07)} hxg5 {(02:41)} 22. hxg5 {(00:03)} Bf8 {(00:58)}
23. Nh4 {(01:47)} Ne7 {(00:55)} 24. Nxg6 {(02:07)} Nxg6 {
(00:06)} 25. Bc2 {(04:42)} Nd5 {(01:57)} 26. Qh5 {(
00:33)} c5 {(11:23)} 27. Bxg6 {(01:40)} fxg6 {(00:04)} 28.
Qxg6 {(00:04)} Rc6 {(00:11)} 29. Ne4 {(00:39)} Rf7 {
(04:50)} 30. dxc5 {(05:51)} Qe8 {(02:22)} 31. Nf6+ {
(00:40)} Nxf6 {(00:08)} 32. gxf6 {(00:17)} Re7 {(
01:02)} 33. Qxe8 {(01:51)} Rxe8 {(00:03)} 34. Rd7 {(00:35]
} gxf6 {(00:04)} 35. Rxb7 {(00:39)} Re7 {(00:51)} 36. Rxe7
{(01:13)} Bxe7 {(00:04)} 37. exf6 {(00:04)} Bxf6 {(
00:04)} 38. b4 {(00:27)} Bb2 {(00:15)} 39. Rb1 {(01:39)}
Bxa3 {(00:23)} 40. Rb3 {(00:00)} Ra6 {(00:00)} 41. c6 {
(02:12)} Bc1 {(01:39)} 42. Rc3 {(01:54)} Bxe3 {(00:
29)} 43. fxe3 {(01:14)} 1-0

[Event "42nd Olympiad Baku 2016 Women"]
[Site "Baku"]
[Date "2016.09.06"]
[Round "5.10"]
[White "Linares Napoles, Oleiny"]
[Black "Zawadzka, Jolanta"]
[Result "0-1"]
[ECO "A20"]
[WhiteElo "2276"]
[BlackElo "2429"]
[Annotator ""]
[PlyCount "78"]
[EventDate "2016.??.??"]
[EventType "team-tourn"]
[EventCountry "AZE"]
[SourceTitle "playchess.com"]
[Source "ChessBase"]
[WhiteTeam "Cuba"]
[BlackTeam "Poland"]
[WhiteTeamCountry "CUB"]
[BlackTeamCountry "POL"]
[TimeControl "40/5400+30:1800+30"]

1. c4 {(00:00)} e5 {(00:00)} 2. g3 {(00:00)} Nf6 {(
00:05)} 3. Bg2 {(00:05)} c6 {(00:15)} 4. Nf3 {(01:37)} e4
{(02:20)} 5. Nd4 {(00:08)} d5 {(01:15)} 6. cxd5 {(
00:45)} Qxd5 {(01:34)} 7. Nc2 {(01:43)} Qh5 {(01:50)} 8.
h3 {(00:54)} Qg6 {(01:45)} 9. Nc3 {(02:49)} Bd6 {(
04:47)} 10. Ne3 {(01:33)} O-O {(02:30)} 11. b3 {(06:07)}
Re8 {(08:26)} 12. Bb2 {(03:05)} Na6 {(00:39)} 13. Qb1 {
(27:05)} Bd7 {(04:53)} 14. a3 {(19:28)} Rad8 {(04:
28)} 15. b4 {(01:13)} Bc8 {(05:01)} 16. Qc2 {(00:41)} Nc7
{(03:52)} 17. O-O-O {(01:54)} Ncd5 {(04:11)} 18. Kb1 {
(08:36)} a5 {(04:29)} 19. b5 {(07:05)} Nxe3 {(03:
26)} 20. dxe3 {(00:31)} Qf5 {(00:18)} 21. Rhf1 {(07:43)}
cxb5 {(01:20)} 22. Rd4 {(01:08)} Bxa3 {(05:05)} 23. g4 {
(03:33)} Qc5 {(05:08)} 24. Bxa3 {(00:56)} Qxa3 {(
00:13)} 25. Nxb5 {(00:02)} Qe7 {(00:30)} 26. Rfd1 {(00:13]
} Rxd4 {(05:01)} 27. Rxd4 {(00:08)} Be6 {(02:58)} 28. g5 {
(02:32)} Nd5 {(01:27)} 29. Bxe4 {(00:16)} Nb4 {(02:
03)} 30. Qd2 {(01:47)} Qxg5 {(01:19)} 31. Nd6 {(01:07)}
Rf8 {(01:23)} 32. f4 {(00:31)} Qf6 {(02:35)} 33. f5 Ba2+ {
(00:07)} 34. Kb2 {(00:39)} Bd5 {(00:29)} 35. Bxd5 {
(00:21)} Nxd5 {(00:08)} 36. Ne4 {(00:26)} Qb6+ {(
01:40)} 37. Ka3 {(00:52)} Nb4 {(00:51)} 38. f6 {(00:25)}
g6 {(03:31)} 39. Rd6 {(00:49)} Qc7 {(04:25)} 0-1

[Event "42nd Olympiad Baku 2016 Women"]
[Site "Baku"]
[Date "2016.09.06"]
[Round "5.16"]
[White "Lohani, Sujana"]
[Black "Ui Laighleis, Gearoidin"]
[Result "0-1"]
[ECO "E09"]
[WhiteElo "1488"]
[BlackElo "1795"]
[Annotator ""]
[PlyCount "158"]
[EventDate "2016.??.??"]
[EventType "team-tourn"]
[EventCountry "AZE"]
[SourceTitle "playchess.com"]
[Source "ChessBase"]
[WhiteTeam "Nepal"]
[BlackTeam "Ireland"]
[WhiteTeamCountry "NEP"]
[BlackTeamCountry "IRL"]
[TimeControl "40/5400+30:1800+30"]

1. d4 {(00:00)} d5 {(00:00)} 2. Nf3 {(00:00)} e6 {(
00:00)} 3. c4 {(00:00)} Nf6 {(00:00)} 4. g3 {(00:13)} Be7
{(00:17)} 5. Bg2 {(00:19)} O-O {(00:13)} 6. O-O {(
00:04)} Nbd7 {(02:56)} 7. Qc2 {(02:55)} c6 {(10:49)} 8.
Nbd2 {(01:28)} Re8 {(01:34)} 9. Rd1 {(00:58)} Qc7 {
(06:24)} 10. e4 {(03:26)} Nf8 {(03:09)} 11. a3 {(
06:45)} Ng6 {(06:29)} 12. e5 {(05:25)} Nd7 {(00:22)} 13.
h4 {(00:22)} Qd8 {(06:31)} 14. h5 {(01:12)} Ngf8 {(
00:09)} 15. Nh2 {(00:35)} b6 {(07:53)} 16. Ng4 {(10:10)}
Bb7 {(08:12)} 17. h6 {(02:53)} g6 {(02:41)} 18. cxd5 {
(07:21)} exd5 {(06:32)} 19. f4 {(00:50)} Ne6 {(03:
34)} 20. Nf3 {(00:37)} c5 {(00:30)} 21. f5 {(05:00)} Nxd4
{(00:57)} 22. Nxd4 {(00:17)} cxd4 {(00:16)} 23. Kh2 {
(02:36)} Bg5 {(04:24)} 24. fxg6 {(01:01)} fxg6 {(
02:38)} 25. Rxd4 {(01:55)} Nxe5 {(03:59)} 26. Nxe5 {(08:
28)} Rxe5 {(00:29)} 27. Bxg5 {(05:47)} Qxg5 {(01:54)} 28.
Qc7 Qxh6+ {(01:45)} 29. Rh4 {(04:21)} Qg7 {(00:23)} 30.
Qd6 {(03:02)} Rae8 {(04:05)} 31. Rc1 {(05:06)} Qe7 {
(02:34)} 32. Qxe7 {(02:22)} R8xe7 {(01:11)} 33. Rd1 {
(04:05)} Kg7 {(00:38)} 34. Rhd4 {(00:32)} Re2 {(01:
20)} 35. R1d2 {(00:46)} Rxd2 {(00:23)} 36. Rxd2 {(00:03)}
Re5 {(01:04)} 37. Kh3 {(00:26)} Rh5+ {(01:07)} 38. Kg4 {
(00:27)} Bc8+ {(00:45)} 39. Kf4 {(00:50)} Be6 {(00:
51)} 40. g4 {(00:00)} Rh2 {(00:00)} 41. Kg3 {(02:34)} Rh6
{(02:31)} 42. Bxd5 {(00:24)} g5 {(06:22)} 43. Be4 {
(02:43)} Rf6 {(00:41)} 44. Rh2 {(03:51)} h6 {(00:
10)} 45. Rc2 {(01:59)} Rf7 {(01:06)} 46. Rc6 {(03:20)} Re7
{(05:12)} 47. Bc2 {(02:27)} Kf6 {(01:11)} 48. Rc3 {
(07:15)} Bf7 {(06:24)} 49. Kf2 {(03:54)} Rd7 {(01:
39)} 50. Ke3 {(02:45)} Kg7 {(00:59)} 51. Bf5 {(02:05)}
Re7+ {(00:36)} 52. Kd4 {(01:26)} Bg6 {(02:54)} 53. Bc8 {
(01:30)} h5 {(02:05)} 54. gxh5 {(00:58)} Bxh5 {(00:
09)} 55. Kd5 {(01:20)} Rf7 {(01:39)} 56. Kd6 {(01:12)}
Rf6+ {(02:28)} 57. Kc7 {(00:23)} Bf3 {(02:13)} 58. Kb8 {
(00:51)} a5 {(01:07)} 59. Rc7+ {(03:29)} Kf8 {(01:
47)} 60. Ka7 {(02:28)} b5 {(01:11)} 61. Rc5 {(00:43)} g4 {
(01:47)} 62. Bxg4 {(00:22)} Bxg4 {(00:11)} 63. Rxb5 Bf3 {
(00:22)} 64. Rb4 {(02:02)} a4 {(00:19)} 65. Rb8+ {(
00:22] Bd1 (%clk 0:07:51) Rb7 (%clk 0:09:54)} Kf7 {(00:54)} 66. Rb6 {
(00:00)} Kg6 {(00:22)} 67. Rxf6+ {(00:14)} Kxf6 {(
00:09)} 68. Kb6 {(00:06)} Ke5 {(00:12)} 69. Kc5 {(00:35)}
Ke4 {(00:23)} 70. Kc4 {(00:25] Bb3+ (%clk 0:08:29) Kc3 (%clk 0:
08:13)} Ke3 {(00:09)} 71. Kb4 {(03:48)} Kd2 {(00:08)} 72.
Kb5 {(00:54)} Kc2 {(00:10)} 73. Ka5 {(01:19)} Kxb2 {
(00:12)} 74. Kb4 {(00:14)} Bd1 {(00:20)} 75. Kc4 {(
00:22)} Kxa3 {(00:18)} 76. Kc3 {(00:28)} Ka2 {(00:21)} 77.
Kd2 {(00:54)} Bb3 {(01:11)} 78. Kc3 {(01:03)} a3 {(
00:15)} 79. Kb4 {(00:47)} Kb2 {(00:11)} 0-1

[Event "42nd Olympiad Baku 2016 Women"]
[Site "Baku"]
[Date "2016.09.06"]
[Round "5.32"]
[White "Lourenco, Eva"]
[Black "Goswami, Sugandha"]
[Result "1-0"]
[ECO "D00"]
[WhiteElo "1276"]
[BlackElo "1276"]
[Annotator ""]
[PlyCount "91"]
[EventDate "2016.??.??"]
[EventType "team-tourn"]
[EventCountry "AZE"]
[SourceTitle "playchess.com"]
[Source "ChessBase"]
[WhiteTeam "New Zealand"]
[BlackTeam "Fiji"]
[WhiteTeamCountry "NZL"]
[BlackTeamCountry "FIJ"]
[TimeControl "40/5400+30:1800+30"]

1. d4 {(00:00)} d5 {(00:36)} 2. Bf4 {(00:07)} Nc6 {
(01:26)} 3. e3 {(00:58)} Nf6 {(02:06)} 4. Nf3 {(00:
50)} e6 {(01:47)} 5. Nbd2 {(00:59)} Be7 {(01:33)} 6. Be2 {
(02:53)} O-O {(00:23)} 7. c3 {(01:20)} a6 {(01:43)}
8. h3 {(02:31)} b5 {(01:22)} 9. O-O {(00:47)} Bb7 {
(02:01)} 10. Bh2 {(01:48)} Ne4 {(16:23)} 11. Ne5 {(
08:47)} Nxe5 {(07:07)} 12. Bxe5 {(02:28)} f6 {(01:59)} 13.
Bh2 {(00:35)} Ng5 {(09:00)} 14. Bd3 {(04:17)} f5 {(
03:02)} 15. Nf3 {(09:03)} Ne4 {(01:04)} 16. Ne5 {(01:37)}
Rf6 {(02:09)} 17. f3 {(03:59)} Bd6 {(02:50)} 18. fxe4 {
(02:15)} dxe4 {(00:24)} 19. Bc2 {(06:26)} Qe7 {(00:
15)} 20. Bg3 {(09:16)} Rff8 {(02:01)} 21. Qh5 {(03:47)} h6
{(06:07)} 22. Bf4 {(07:37)} Rf6 23. h4 {(04:15)} Qe8 {
(02:07)} 24. Qxe8+ {(03:03)} Rxe8 {(00:09)} 25. h5 {
(00:42)} g5 {(04:19)} 26. hxg6 {(02:24)} Bf8 {(00:
48)} 27. Kf2 {(02:29)} Bg7 {(00:25)} 28. Rh1 {(00:57)} Kf8
{(03:06)} 29. Nd7+ {(01:43)} Ke7 {(00:39)} 30. Nxf6 {
(00:19)} Kxf6 {(00:49)} 31. Bxc7 {(01:32)} Re7 {(
01:08)} 32. Be5+ {(00:30)} Kxg6 {(00:19)} 33. Bxg7 {(00:
17)} Rxg7 {(00:26)} 34. Rh3 {(00:31)} Kh7 {(00:15)} 35.
Rah1 {(00:46)} Rg6 {(02:17)} 36. Rg3 {(00:44)} Rg4 {
(05:08)} 37. Rxg4 {(00:21)} fxg4 {(00:13)} 38. Kg3 {
(00:39)} Bc6 {(02:14)} 39. Kxg4 {(00:25)} Be8 {(00:
24)} 40. Bxe4+ {(00:00)} Bg6 {(00:00)} 41. Bxg6+ {(00:53)}
Kxg6 {(01:28)} 42. Rf1 {(00:28)} h5+ {(00:24)} 43. Kh4 {
(00:12)} a5 {(01:08)} 44. e4 {(00:31)} a4 {(00:57)}
45. d5 {(00:18)} a3 {(03:07)} 46. bxa3 {(00:23)} 1-0

[Event "42nd Olympiad Baku 2016 Women"]
[Site "Baku"]
[Date "2016.09.06"]
[Round "5.29"]
[White "Lujan, Carolina"]
[Black "Videnova, Iva"]
[Result "1-0"]
[ECO "B01"]
[WhiteElo "2378"]
[BlackElo "2386"]
[Annotator ""]
[PlyCount "81"]
[EventDate "2016.??.??"]
[EventType "team-tourn"]
[EventCountry "AZE"]
[SourceTitle "playchess.com"]
[Source "ChessBase"]
[WhiteTeam "Argentina"]
[BlackTeam "Bulgaria"]
[WhiteTeamCountry "ARG"]
[BlackTeamCountry "BUL"]
[TimeControl "40/5400+30:1800+30"]

1. e4 {(00:00)} d5 {(00:00)} 2. exd5 {(00:00)} Qxd5 {
(00:00)} 3. Nc3 {(00:01)} Qa5 {(00:00)} 4. d4 {(00:
22)} Nf6 {(00:00)} 5. Bd2 {(05:45)} Qb6 {(10:19)} 6. Nf3 {
(06:14)} Bf5 {(05:31)} 7. Bc4 {(12:48)} e6 {(00:12]
} 8. Qe2 {(07:35)} c6 {(15:16)} 9. O-O-O {(11:02)} Bb4 {
(03:46)} 10. a3 {(07:06)} Bxc3 {(00:40)} 11. Bxc3 {
(00:05)} Ne4 {(04:15)} 12. Be1 {(03:33)} Nd6 {(04:
06)} 13. Ba2 {(00:55)} Nd7 {(16:17)} 14. Ne5 {(13:18)} h5
{(11:31)} 15. Bb4 {(12:31)} Qc7 {(01:38)} 16. Rhe1 {
(04:51)} a5 {(03:17)} 17. Bd2 {(02:30)} Nf6 {(07:
57)} 18. f3 {(02:12)} h4 {(03:47)} 19. Nd3 {(00:30)} Nb5 {
(01:58)} 20. Be3 {(02:55)} Nd5 {(02:04)} 21. c4 {(
00:43)} Bxd3 {(04:07)} 22. Qxd3 {(01:24)} Nxe3 {(00:05)}
23. Qxe3 {(01:08)} Nd6 {(00:04)} 24. Qg5 {(00:27)} Kf8 {
(00:44)} 25. g4 {(01:30)} a4 {(01:38)} 26. Qe5 {(
00:50)} Ra5 {(00:19)} 27. Qe3 {(01:20)} g6 {(01:23)} 28.
f4 {(00:32)} Kg7 {(00:24)} 29. Qc3 {(00:16)} Kh7 {(
00:06)} 30. Re5 {(00:43)} Raa8 {(00:35)} 31. Bb1 {(00:11)}
Qe7 {(00:28)} 32. d5 {(01:02)} Kg8 {(01:52)} 33. dxe6 {
(00:07)} f6 {(00:38)} 34. Re2 {(00:32)} Kg7 {(00:
42)} 35. Qd3 {(00:09)} Rad8 {(00:30)} 36. Qxg6+ {(00:05)}
Kf8 {(00:04)} 37. c5 {(00:18)} Rg8 {(00:52)} 38. Qh6+ {
(00:52)} Rg7 {(00:50)} 39. cxd6 {(00:08)} Rxd6 {(
00:12)} 40. Rxd6 {(00:00)} Qxd6 {(00:00)} 41. e7+ {(00:32]
} 1-0

[Event "42nd Olympiad Baku 2016 Women"]
[Site "Baku"]
[Date "2016.09.06"]
[Round "5.31"]
[White "Machlik, Edit"]
[Black "Mendis, Dasuni Hansika"]
[Result "1/2-1/2"]
[ECO "E32"]
[WhiteElo "2056"]
[BlackElo "1699"]
[Annotator ""]
[PlyCount "113"]
[EventDate "2016.??.??"]
[EventType "team-tourn"]
[EventCountry "AZE"]
[SourceTitle "playchess.com"]
[Source "ChessBase"]
[WhiteTeam "Norway"]
[BlackTeam "Sri Lanka"]
[WhiteTeamCountry "NOR"]
[BlackTeamCountry "SRI"]
[TimeControl "40/5400+30:1800+30"]

1. d4 {(00:00)} Nf6 {(00:00)} 2. c4 {(00:00)} e6 {(
00:03)} 3. Nc3 {(00:00)} Bb4 {(00:10)} 4. Qc2 {(00:08)}
O-O {(00:58)} 5. a3 {(00:30)} Bxc3+ {(00:06)} 6. Qxc3 {
(00:03)} Ne4 {(00:09)} 7. Qc2 {(00:07)} f5 {(00:05]
} 8. Nh3 {(01:07)} d6 {(00:07)} 9. f3 {(00:47)} Nf6 {
(00:06)} 10. e3 {(00:41)} Nc6 {(04:54)} 11. Be2 {(
06:01)} e5 {(00:34)} 12. dxe5 {(00:53)} dxe5 {(00:27)} 13.
O-O {(03:50)} a5 {(04:26)} 14. b3 {(01:19)} Qe8 {(
03:48)} 15. Rd1 {(07:18)} Nh5 {(04:14)} 16. c5 {(05:37)}
Kh8 {(11:32)} 17. Nf2 {(04:45)} Be6 {(08:27)} 18. Bc4 {
(00:50)} Qf7 {(03:12)} 19. Bxe6 {(00:18)} Qxe6 {(
00:02)} 20. Bb2 {(01:58)} Rae8 {(05:31)} 21. Rd2 {(05:40)}
Nf6 {(01:13)} 22. Rad1 {(02:26)} h6 {(01:16)} 23. Qc3 {
(04:20)} Re7 {(01:28)} 24. b4 {(02:50)} axb4 {(04:
56)} 25. axb4 {(01:02)} Ree8 {(03:14)} 26. b5 {(05:30)}
Nb8 {(12:56)} 27. Qa5 {(14:31)} Qe7 {(01:24)} 28. Nd3 {
(06:38)} e4 {(10:16)} 29. Ne5 {(04:12)} Kh7 {(00:
49)} 30. f4 {(04:37)} Qxc5 {(11:52)} 31. Rd4 {(03:39)} Qb6
{(05:38)} 32. Qxb6 {(01:59)} cxb6 {(00:02)} 33. Rd6 {
(01:25)} Rc8 {(01:53)} 34. Rxb6 {(03:37)} Rc7 {(00:
25)} 35. Ba3 {(02:45)} Rfc8 {(00:37)} 36. Bd6 {(01:49)}
Rc1 {(00:04)} 37. Rxc1 {(00:45)} Rxc1+ {(00:05)} 38. Kf2 {
(00:02)} Nbd7 {(00:42)} 39. Nxd7 {(02:38)} Nxd7 {(
00:01)} 40. Rxb7 {(00:00)} Nf6 {(00:00)} 41. Be5 {(16:16)}
Ng4+ {(22:16)} 42. Kg3 {(01:14)} Nxe5 {(00:18)} 43. fxe5 {
(00:05)} Kg6 {(00:33)} 44. b6 {(07:42)} Rb1 {(00:
37)} 45. h4 {(01:47)} Rb2 {(08:20)} 46. Rd7 {(05:36)} Re2
{(01:58)} 47. b7 {(01:35)} Rxe3+ {(00:06)} 48. Kf2 {
(00:39)} Rb3 {(00:07)} 49. h5+ {(01:21)} Kxh5 {(01:
00)} 50. e6 {(00:24)} Kg6 {(01:30)} 51. e7 {(00:24)} Kf7 {
(00:15)} 52. Rd8 {(00:42)} Kxe7 {(00:12)} 53. b8=Q {
(00:03)} Rxb8 {(00:05)} 54. Rxb8 {(00:04)} Kf6 {(
00:14)} 55. Kg3 {(01:57)} Kg5 {(00:42)} 56. Rb5 {(00:27)}
g6 {(01:14)} 57. Ra5 {(00:31)} 1/2-1/2

[Event "42nd Olympiad Baku 2016 Women"]
[Site "Baku"]
[Date "2016.09.06"]
[Round "5.16"]
[White "Mahmutbegovic, Nadina"]
[Black "Hernandez Resto, Aracelys"]
[Result "1-0"]
[ECO "C01"]
[WhiteElo "1908"]
[BlackElo "1314"]
[Annotator ""]
[PlyCount "59"]
[EventDate "2016.??.??"]
[EventType "team-tourn"]
[EventCountry "AZE"]
[SourceTitle "playchess.com"]
[Source "ChessBase"]
[WhiteTeam "Bosnia  Herzegovina"]
[BlackTeam "Puerto Rico"]
[WhiteTeamCountry "BIH"]
[BlackTeamCountry "PUR"]
[TimeControl "40/5400+30:1800+30"]

1. e4 {(00:00)} e6 {(00:00)} 2. d4 {(00:00)} d5 {(
00:00)} 3. exd5 {(00:00)} exd5 {(00:00)} 4. Bd3 {(00:02)}
Bd6 {(00:36)} 5. Nf3 {(00:08)} Nf6 {(00:40)} 6. O-O {
(00:13)} O-O {(00:20)} 7. Bg5 {(01:22)} Bg4 {(05:
10)} 8. Nbd2 {(01:13)} Nbd7 {(00:56)} 9. c3 {(00:22)} Bh5
{(06:36)} 10. Re1 {(06:13)} c6 {(05:12)} 11. Qc2 {(
00:48)} Bg6 {(03:38)} 12. Ne5 {(02:28)} Bxd3 {(07:29)} 13.
Qxd3 {(00:16)} Qc7 {(00:40)} 14. Bxf6 {(08:48)} Nxf6 {
(00:57)} 15. Qf5 {(12:13)} Rad8 {(08:41)} 16. Re3 {
(13:29)} Qc8 {(14:17)} 17. Qd3 {(01:31)} c5 {(02:
58)} 18. Rh3 {(06:58)} c4 {(02:00)} 19. Qc2 {(11:53)} Rfe8
{(02:20)} 20. Re1 {(04:47)} g6 {(00:55)} 21. Ndf3 {
(05:49)} Ng4 {(06:43)} 22. Qd2 {(03:45)} Bf8 {(08:
14)} 23. Qf4 {(03:59)} f5 {(03:01)} 24. Ng5 {(02:54)} Nf6
{(06:07)} 25. Qh4 {(01:42)} h5 {(01:32)} 26. Ngf7 {
(00:25)} Rd7 {(02:18)} 27. Qxf6 {(01:06)} Bg7 {(00:
30)} 28. Qxg6 {(00:56)} Rxf7 {(00:23)} 29. Qxf7+ {(00:08)}
Kh7 {(00:44)} 30. Rxh5# {(00:11)} 1-0

[Event "42nd Olympiad Baku 2016 Women"]
[Site "Baku"]
[Date "2016.09.06"]
[Round "5.13"]
[White "Mamedjarova, Zeinab"]
[Black "Paehtz, Elisabeth"]
[Result "1/2-1/2"]
[ECO "A46"]
[WhiteElo "2295"]
[BlackElo "2474"]
[Annotator ""]
[PlyCount "74"]
[EventDate "2016.??.??"]
[EventType "team-tourn"]
[EventCountry "AZE"]
[SourceTitle "playchess.com"]
[Source "ChessBase"]
[WhiteTeam "Azerbaijan"]
[BlackTeam "Germany"]
[WhiteTeamCountry "AZE"]
[BlackTeamCountry "GER"]
[TimeControl "40/5400+30:1800+30"]

1. d4 {(00:00)} e6 {(00:00)} 2. Nf3 {(00:00)} Nf6 {
(00:00)} 3. e3 {(00:00)} b6 {(00:00)} 4. Bd3 {(00:
08)} Bb7 {(00:03)} 5. Nbd2 {(00:09)} d5 {(00:17)} 6. O-O {
(00:26)} Nbd7 {(00:22)} 7. b3 {(09:53)} Ne4 {(10:
52)} 8. Bb2 {(00:25)} Bd6 {(01:59)} 9. Ne5 {(03:11)} Nxd2
{(05:33)} 10. Qxd2 {(03:04)} O-O {(02:30)} 11. Qe2 {
(02:00)} f5 {(04:06)} 12. a4 {(22:47)} Bxe5 {(20:
32)} 13. dxe5 {(00:11)} c5 {(00:30)} 14. c4 {(12:50)} Qc7
{(00:00)} 15. f4 {(00:30)} Rad8 {(01:09)} 16. Rfd1 {
(05:45)} Nb8 {(05:13)} 17. Rd2 {(07:16)} Rd7 {(09:
08)} 18. Rad1 {(00:07)} Rfd8 {(05:07)} 19. Bxf5 {(09:20)}
exf5 {(00:04)} 20. e6 {(00:14)} Re7 {(00:16)} 21. Be5 {
(02:05)} Qc8 {(00:05)} 22. cxd5 {(00:19)} Na6 {(01:
12)} 23. Qh5 {(04:50)} h6 {(10:50)} 24. Qxf5 {(06:47)} Nb4
{(00:21)} 25. e4 {(00:25)} c4 {(02:00)} 26. bxc4 {(
02:16)} Qxc4 {(03:50)} 27. Rd4 {(00:08)} Qb3 {(00:13)} 28.
Qg6 {(03:30)} Nxd5 {(04:55)} 29. R4d3 {(04:58)} Qc4 {
(01:39)} 30. exd5 {(00:28)} Rxd5 {(00:04)} 31. Rxd5 {
(00:46)} Bxd5 {(00:05)} 32. Qd3 {(00:37)} Qxd3 {(
00:37)} 33. Rxd3 {(00:03)} Bxe6 {(00:05)} 34. Kf2 {(00:54]
} Kf7 {(02:34)} 35. Rg3 {(00:11)} g6 {(00:30)} 36. Rc3 {
(00:39)} Bd7 {(02:57)} 37. Rc4 {(00:12)} h5 {(00:
41)} 1/2-1/2